Map: New Gettysburg LE

Players

Drager - Winner!

  • Race: Protoss Protoss
  • League: Master

Rakan

  • Race: Terran Terran
  • League: Diamond

VOD

https://www.youtube.com/channel/UCcSgNfDNxvyisU-eCj9xyNg/playlists

Description

Time

  • Played on: Aug. 26, 2016, 7:19 a.m.
  • Length: 4:10
Show
View Real Time Build Order
Export as new Build Order

Drager Protoss - Winner!

Build Orders: Dark Templar Rush 

Get SALT Encoding   

  12  0:01  Probe (Chrono Boost)  
  13  0:11  Probe (Chrono Boost)  
  14  0:17  Pylon  
  14  0:22  Probe (Chrono Boost)  
  15  0:36  Probe (Chrono Boost)  
  15  0:39  Gateway  
  16  0:46  Probe (Chrono Boost)  
  17  0:51  Assimilator  
  17  0:57  Pylon  
  17  1:00  Probe (Chrono Boost)  
  18  1:10  Probe (Chrono Boost)  
  19  1:16  Gateway  
  19  1:22  Probe (Chrono Boost)  
  20  1:29  Cybernetics Core  
  20  1:35  Probe (Chrono Boost)  
  20  1:38  Assimilator  
  21  1:47  Probe (Chrono Boost)  
  22  1:57  Probe (Chrono Boost)  
  23  2:06  Adept x2  
  23  2:08  Mothership Core (Chrono Boost)  
  29  2:18  Pylon  
  29  2:39  Adept x2  
  33  2:59  Pylon x2  
  33  3:02  Twilight Council  
  33  3:14  Pylon  
  32  3:23  Adept x2  
  36  3:39  Gateway  
  36  3:40  Dark Shrine  
  40  4:01  Gateway  
Show
View Real Time Build Order
Export as new Build Order

Rakan Terran 

Build Orders: Reaper Expand 

Get SALT Encoding   

  12  0:00  SCV  
  13  0:13  SCV  
  14  0:19  Supply Depot  
  14  0:25  SCV  
  15  0:41  Barracks, SCV  
  16  0:45  Refinery  
  16  0:53  SCV  
  17  1:05  SCV  
  18  1:17  SCV  
  19  1:29  Reaper, Orbital Command  
  20  1:43  Command Center  
  20  1:54  Barracks  
  20  1:57  SCV  
  21  2:07  Barracks Reactor  
  21  2:08  Supply Depot  
  21  2:11  SCV  
  22  2:16  Refinery  
  22  2:23  SCV  
  23  2:42  Barracks Tech Lab  
  23  2:45  Marine x2  
  23  2:51  Factory  
  23  2:52  SCV  
  24  3:03  Marauder  
  24  3:04  SCV  
  27  3:16  SCV  
  24  3:21  Marine x2  
  24  3:24  Marine  
  23  3:28  SCV  
  23  3:32  Supply Depot  
  24  3:42  Barracks  
  24  3:43  Barracks  
  24  3:44  Barracks  
  24  3:47  Marauder  
Tags
 
Add a new tag
Caveats
  • Supply blocks, unpowered buildings, or Contaminate may cause inaccurate times.
  • Supply counts are checked every 10 seconds.